 Dungeon Crawl Stone Soup version 0.29-a0-356-g7bc237e783 (webtiles) character file.

Game seed: 16244844673150202255

180 lucidbluej the Skirmisher (level 5, 32/57 HPs)
             Began as an Ogre Berserker on Apr 26, 2022.
             Was a Believer of Trog.
             Quit the game on level 5 of the Dungeon.
             The game lasted 00:15:19 (605 turns).

lucidbluej the Skirmisher (Ogre Berserker)           Turns: 605, Time: 00:15:20

Health: 32/57      AC: 12    Str: 23    XL:     5   Next: 60%
Magic:  5/5        EV: 19    Int:  8    God:    Trog [**....]
Gold:   36         SH:  0    Dex:  8    Spells: 4/4 levels left

rFire   . . .      SeeInvis .   (weapon currently unavailable)
rCold   . . .      Faith    .   (shield currently unavailable)
rNeg    + + +      Spirit   .   (body armour currently unavailable)
rPois   +          Reflect  .   (helmet currently unavailable)
rElec   .          Harm     .   (cloak currently unavailable)
rCorr   .          Rampage  .   (gloves unavailable)
Will    .....                   (boots unavailable)
Stlth   +.........              (no amulet)
HPRegen 0.19/turn               (no ring)
MPRegen 0.09/turn               (no ring)

@: about to teleport, fungus-form
A: melee confuse, terrified, no casting, tiny, unfitting armour, (tough skin 1)
a: Renounce Religion, Berserk, Trog's Hand


You were on level 5 of the Dungeon.
You worshipped Trog.
Trog was pleased with you.
You were a sentient fungus.
You visited 1 branch of the dungeon, and saw 5 of its levels.

You collected 36 gold pieces.

Inventory:

Hand Weapons
 a - a +0 hand axe
 c - a +2 dagger of draining
 d - a +0 whip
 e - a +3 broad axe of venom (melded)
 i - a +0 dagger
 l - a +1 whip of draining
 m - a +0 club
 n - a +0 dagger
 o - a +0 quarterstaff
 p - a +0 club
Missiles
 h - 5 poisoned darts (quivered)
 k - 32 stones
Armour
 b - a +1 animal skin (melded)
 f - a +0 cloak
 j - a +0 pair of boots


   Skills:
 + Level 5.3 Fighting
 + Level 0.2 Short Blades
 + Level 4.8 Axes
 + Level 0.3 Throwing
 + Level 3.4 Dodging


You had 4 spell levels left.
You didn't know any spells.
Your spell library contained the following spells:

 Spells                   Type           Power      Damage    Failure   Level
 Sandblast                Erth           0%         2d4       41%         1
 Passwall                 Tmut/Erth      0%         N/A       54%         2
 Stone Arrow              Conj/Erth      0%         3d7       78%         3


Dungeon Overview and Level Annotations

Branches:
Dungeon (5/15)
 Temple: D:4-7

Altars:
Zin

Annotations:
D:5 Ijyb


Innate Abilities, Weirdness & Mutations

You are a sentient fungus.
You are tiny and evasive.
Your melee attack releases spores that confuse breathing creatures.
You become terrified and freeze when enemies are visible.
Your armour is entirely melded.
You are incapable of wielding weapons or throwing items.
You cannot cast spells.
You are too large for most types of armour.
((You have tough skin. (AC +1)))


Message History

You're too terrified to move while being watched!
You're too terrified to move while being watched!
You're too terrified to move while being watched!
You're too terrified to move while being watched!
You're too terrified to move while being watched!
You're too terrified to move while being watched!
You're too terrified to move while being watched!
You're too terrified to move while being watched!
You're too terrified to move while being watched!
You're too terrified to move while being watched!
You're too terrified to move while being watched!
You're too terrified to move while being watched!
You're too terrified to move while being watched!
You're too terrified to move while being watched!
You're too terrified to move while being watched!
You're too terrified to move while being watched!
You can't do that in your present form.
You can't do that in your present form.
You can't do that in your present form.
You can't do that in your present form.
You can't do that in your present form.
You can't do that in your present form.
Unknown command.
You're too terrified to move while being watched!
You're too terrified to move while being watched!
You're too terrified to move while being watched!
You're too terrified to move while being watched!
You're too terrified to move while being watched!
You're too terrified to move while being watched!
You're too terrified to move while being watched!
You're too terrified to move while being watched!
You're too terrified to move while being watched!
Unknown command.
Unknown command.
Unknown command.
Unknown command.
Unknown command.
Unknown command.
Unknown command.
Are you sure you want to abandon this character and quit the game? (Confirm with "yes".)

###............#.
##..............#
##..........g..
#..###....... #
##....##.....# ..
#...#.#......##...
#...#.............
#.....#..#........
##....#..#f.......
#.#..#..........#
###.............#
###...###...##.
#...# .#... #####
...... ..... .....


You could see Ijyb.

Vanquished Creatures
  An ice beast (D:5)
  2 iguanas
  2 adders
  An orc (D:4)
  6 endoplasms
  A giant cockroach (D:4)
  2 goblins
  A hobgoblin (D:4)
  A quokka (D:5)
  A ball python (D:4)
  3 bats (D:3)
  2 kobolds
  A rat (D:3)
24 creatures vanquished.

Notes
Turn   | Place    | Note
-------+----------+-------------------------------------------
     0 | D:1      | lucidbluej the Ogre Berserker began the quest for the Orb.
     0 | D:1      | Reached XP level 1. HP: 24/24 MP: 1/1
    72 | D:2      | Found a faded altar of an unknown god.
    82 | D:2      | Reached XP level 2. HP: 10/32 MP: 2/2
   191 | D:3      | Reached XP level 3. HP: 16/38 MP: 3/3
   248 | D:3      | Identified a scroll of acquirement
   248 | D:3      | Acquired a +3 broad axe of venom
   413 | D:4      | Reached XP level 4. HP: 28/49 MP: 4/4
   433 | D:4      | Found a glowing silver altar of Zin.
   541 | D:4      | You fall into a shaft and drop 1 floor!
   541 | D:5      | Entered Level 5 of the Dungeon
   541 | D:5      | Noticed an ice beast
   546 | D:5      | Killed an ice beast
   547 | D:5      | Reached skill level 5 in Fighting
   547 | D:5      | Reached XP level 5. HP: 34/57 MP: 5/5
   563 | D:5      | Reached ** piety under Trog
   603 | D:5      | Noticed Ijyb
   605 | D:5      | Quit the game

Illustrated notes

Levels and vault maps discovered:
D:1:      mushboom_english_gardens, layout_rooms, kennysheep_boxes
D:2:      layout_loops_ring, nicolae_ecumenical_pavilion,
          chequers_decorated_corner, grunt_ministairs_15
D:3:      layout_rooms, mainiacjoe_overflow_alcove_4
D:4:      layout_loops_ring, grunt_temple_overflow_open, zin_statuary,
          chequers_ossuary_entry_cave
D:5:      layout_cave_pools, gup_sewer_entry_spiral, uniq_ijyb

Skill      XL: |  1  2  3  4 |
---------------+-------------+-----
Dodging        | 3 |  3.4
Fighting       | 5 |  5.3
Axes           | 4 |  4.8
Short Blades   | |  0.2
Throwing       | |  0.3

Action                   |  1- 3 |  4- 6 || total
-------------------------+-------+-------++-------
Melee: Hand axe          |    19 |       ||    19
       Dagger            |    11 |       ||    11
       Broad axe         |    12 |    19 ||    31
Throw: Dart              |     2 |     3 ||     5
  Use: Potion            |     3 |       ||     3
       Scroll            |     3 |     2 ||     5
Armor: Animal skin       |    10 |     3 ||    13
Dodge: Dodged            |    21 |    11 ||    32

Table legend: (Time is in decaauts)
 A = Elapsed time spent in this place.
 B = Non-inter-level travel time spent in this place.
 C = Inter-level travel time spent in this place.
 D = Time resting spent in this place.
 E = Time spent auto-exploring this place.
 F = Levels seen in this place.
 G = Mean time per level.
                   A        B        C        D        E       F      G
               +--------+--------+--------+--------+--------+-----+--------+
         Total |    598 |    215 |    383 |      0 |      0 |   5 |  119.6 |
       Dungeon |    598 |    215 |    383 |      0 |      0 |   5 |  119.6 |
               +--------+--------+--------+--------+--------+-----+--------+

Top non-repeatable levels by time:
     D:4: 234 daAuts
     D:3: 130 daAuts
     D:2: 95 daAuts
     D:1: 72 daAuts
     D:5: 66 daAuts
